 Dungeon Crawl Stone Soup version 0.21.0 (console) character file.

3133 hilaritas the Grappler (level 9, -6/85 HPs)
             Began as a Troll Fighter on Jan 5, 2018.
             Was a Follower of Wu Jian.
             Mangled by a hornet (16 damage)
             ... on level 8 of the Dungeon.
             The game lasted 00:16:46 (6483 turns).

hilaritas the Grappler (Troll Fighter)              Turns: 6483, Time: 00:16:46

Health: -6/85      AC:  7    Str: 27    XL:     9   Next: 61%
Magic:  8/8        EV:  9    Int:  6    God:    Wu Jian [*.....]
Gold:   249        SH: 11    Dex:  9    Spells: 8/8 levels left

rFire    . . .     SeeInvis +     - Unarmed
rCold    . . .     Gourm    +   c - +1 shield
rNeg     . . .     Faith    .   b - +0 robe
rPois    .         Spirit   .   (helmet restricted)
rElec    .         Reflect  .   m - +1 cloak
rCorr    .         Harm     .   (gloves unavailable)
MR       .....                  (boots unavailable)
Stlth    +.........             (no amulet)
HPRegen  0.64/turn              n - ring of see invisible
MPRegen  0.11/turn              (no ring)

@: lethally poisoned (-6 -> -15)
A: large, unfitting armour, claws 3, fast metabolism 3, gourmand, regeneration
1, shaggy fur 1, tough skin 2
a: Renounce Religion


You were on level 8 of the Dungeon.
You worshipped Wu Jian.
Wu Jian was aware of your devotion.
You were not hungry.

You visited 2 branches of the dungeon, and saw 9 of its levels.

You collected 277 gold pieces.
You spent 28 gold pieces at shops.

Inventory:

Hand Weapons
 a - a +1 flail
Missiles
 v - a tomahawk (quivered)
 x - 2 silver tomahawks
 y - 4 large rocks
Armour
 b - a +0 robe (worn)
 c - a +1 shield (worn)
 m - a +1 cloak (worn)
Jewellery
 n - a ring of see invisible (left claw)
Wands
 g - a wand of random effects (20)
 p - a wand of digging (12)
Scrolls
 k - a scroll of remove curse
 l - a scroll of magic mapping
 r - 2 scrolls of teleportation
 t - 2 scrolls of amnesia
Potions
 d - a potion of might
 e - a potion of agility
 h - a potion of mutation {unknown}
 i - 2 potions of berserk rage {unknown}
 j - 2 potions of lignification {unknown}
 o - a potion of cancellation {unknown}
 q - 5 potions of curing {unknown}
 s - a potion of haste {unknown}
 u - a potion of magic {unknown}
 w - a potion of heal wounds {unknown}
Comestibles
 f - 12 rations


   Skills:
 * Level 4.6 Fighting
 - Level 1.7 Maces & Flails
 * Level 2.7 Armour
 + Level 3.4 Dodging
 + Level 5.6 Shields
 - Level 10.0 Unarmed Combat


You had 8 spell levels left.
You didn't know any spells.

Dungeon Overview and Level Annotations

Branches:
Dungeon (8/15)             Temple (1/1) D:7
   Lair: D:8-11

Altars:
Ashenzari
Cheibriados
Dithmenos
Elyvilon
Fedhas
Gozag
Hepliaklqana
Kikubaaqudgha
Makhleb
Nemelex Xobeh
Okawaru
Qazlal
Ru
Trog
Uskayaw
Vehumet
Wu Jian
Xom
Yredelemnul
Zin
The Shining One

Shops:
D:7 [   D:8 (:


Innate Abilities, Weirdness & Mutations

You are too large for most types of armour.
You have claws for hands.
Your metabolism is lightning-fast.
You like to eat raw meat.
Your natural rate of healing is unusually fast.
You are covered in fur. (AC +1)
You have very tough skin. (AC +2)


Message History

The hornet stings you.
You are more poisoned.
You feel as though you will be slow longer.
The worker ant bites you.
* * * LOW HITPOINT WARNING * * *
The worker ant zombie bites you.
* * * LOW HITPOINT WARNING * * *
You barely miss the hornet.
You feel sick. The hornet stings you!
* * * LOW HITPOINT WARNING * * *
You are more poisoned.
You suddenly lose the ability to move!
The worker ant bites you but does no damage.
The hornet barely misses you. The worker ant zombie bites you.
* * * LOW HITPOINT WARNING * * *
You can move again.
You feel yourself speed up.
* * * LOW HITPOINT WARNING * * *
You feel very sick. The hornet stings you!
You die...

*,,,,,,,*,,,,,,,,,,*
*,,,,,,,*,,,,*******
*,,<,...#....#
*,**##.......#
*,,,#........#
***,#.......#*
*,#......#*
*,#.!..[.#***********
*,#.h....#*,,,,,,,,,*
*,#.ayZ..##.,,,,,,,,*
*,#.@........,,,,,,,*
*,#.#####.##.,,,,,,,*
*,#.# **#***,,,****
*,#.# *,,*,,,*,*
*,#.# *,,*,,,,,*
*,###****,,,,,*,,*
*,,,,,*,,,,,,,*,,*
*,,,,,*,,,,,******
*******,,,,,*,,,+**
*,,,*,,,,,,,*,,,,,*
*,,,*,,,,,******,,*


You could see a hornet, a hound, a worker ant and a worker ant zombie.

Vanquished Creatures
  A hippogriff (D:8)
  A sky beast (D:7)
  2 ice beasts
  2 phantoms (D:6)
  6 ogres
  2 centaurs
  2 big kobolds (D:7)
  A bullfrog (D:6)
  7 wights (D:7)
  3 howler monkeys (D:7)
  4 crimson imps
  A centaur zombie (D:5)
  2 bullfrog zombies
  2 human zombies (D:7)
  4 hounds
  2 jellies (D:7)
  4 orc wizards
  Crazy Yiuf (D:3)
  3 orc priests (D:4)
  A centaur skeleton (D:4)
  3 human skeletons (D:7)
  Terence (D:3)
  A worker ant (D:6)
  2 iguanas
  An ogre skeleton (D:7)
  2 hound skeletons
  3 mummies (D:7)
  11 gnolls
  4 adders
  2 shadow imps
  3 oozes
  An adder skeleton (D:7)
  2 worms (D:2)
  3 leopard geckos
  18 orcs
  6 bats
  2 giant cockroaches
  3 hobgoblins
  12 jackals
  2 quokkas
  3 ball pythons
  3 frilled lizards
  3 goblins
  13 kobolds
  A quokka skeleton (D:4)
  7 rats
163 creatures vanquished.

Notes
Turn   | Place    | Note
-------+----------+-------------------------------------------
     0 | D:1      | hilaritas the Troll Fighter began the quest for the Orb.
     0 | D:1      | Reached XP level 1. HP: 22/22 MP: 0/0
   836 | D:2      | Found a stormy altar of Qazlal.
   838 | D:2      | Found a blossoming altar of Fedhas.
   862 | D:2      | Reached XP level 2. HP: 29/29 MP: 1/1
   895 | D:2      | Reached skill level 1 in Unarmed Combat
  1076 | D:2      | Reached XP level 3. HP: 32/36 MP: 2/2
  1247 | D:2      | Found a shadowy altar of Dithmenos.
  1581 | D:3      | Reached skill level 2 in Unarmed Combat
  1603 | D:3      | Noticed Terence
  1615 | D:3      | Killed Terence
  1615 | D:3      | Reached XP level 4. HP: 43/45 MP: 3/3
  1641 | D:3      | Found a radiant altar of Vehumet.
  1899 | D:3      | Reached skill level 3 in Unarmed Combat
  1940 | D:2      | Found a glowing silver altar of Zin.
  1988 | D:3      | Reached XP level 5. HP: 53/53 MP: 4/4
  2138 | D:3      | Found a runed door.
  2210 | D:3      | Noticed Crazy Yiuf
  2215 | D:3      | Killed Crazy Yiuf
  2376 | D:4      | Reached skill level 4 in Unarmed Combat
  2380 | D:4      | Reached XP level 6. HP: 53/61 MP: 5/5
  2435 | D:4      | Reached skill level 5 in Unarmed Combat
  2452 | D:4      | Found an opulent altar of Gozag.
  2500 | D:4      | Found an opulent altar of Gozag.
  2726 | D:4      | Noticed an ice beast
  2738 | D:4      | Killed an ice beast
  2738 | D:4      | Reached skill level 6 in Unarmed Combat
  2738 | D:4      | Reached XP level 7. HP: 50/67 MP: 6/6
  2948 | D:5      | Entered Level 5 of the Dungeon
  3254 | D:5      | Reached skill level 7 in Unarmed Combat
  3406 | D:5      | Found a sparkling altar of Nemelex Xobeh.
  3577 | D:5      | Found a glowing golden altar of the Shining One.
  3767 | D:5      | Reached XP level 8. HP: 75/75 MP: 7/7
  3772 | D:5      | Reached skill level 8 in Unarmed Combat
  4176 | D:6      | Reached skill level 9 in Unarmed Combat
  4653 | D:6      | Found a bloodstained altar of Trog.
  4893 | D:7      | Reached skill level 10 in Unarmed Combat
  4936 | D:7      | Reached XP level 9. HP: 81/83 MP: 8/8
  4985 | D:7      | Reached skill level 1 in Armour
  5186 | D:7      | Found Wairool's Armour Shop.
  5209 | D:7      | Reached skill level 5 in Shields
  5378 | D:7      | Found a shadowy altar of Dithmenos.
  5398 | D:7      | Found a staircase to the Ecumenical Temple.
  5407 | Temple   | Entered the Ecumenical Temple
  5459 | Temple   | Became a worshipper of the Wu Jian Council
  6085 | D:7      | Found a basalt altar of Yredelemnul.
  6373 | D:8      | Found Nydepu's Book Boutique.
  6373 | D:8      | Found Yniliu's Weapon Shoppe.
  6393 | D:8      | Bought 4 large rocks for 28 gold pieces
  6473 | D:8      | Reached * piety under Wu Jian
  6482 | D:8      | Paralysed by a hornet for 1 turns
  6483 | D:8      | Mangled by a hornet

Skill      XL: |  1  2  3  4  5  6  7  8  9 |
---------------+----------------------------+-----
Unarmed Combat | 1 2 3 4 6 7 10 | 10.0
Shields        | 3 4 5 |  5.6
Fighting       | 3 4 |  4.6
Armour         | 2 |  2.7
Dodging        | 3 |  3.4
Maces & Flails | |  1.7

Action                   |  1- 3 |  4- 6 |  7- 9 || total
-------------------------+-------+-------+-------++-------
Melee: Flail             |    34 |       |       ||    34
       Unarmed           |    84 |   114 |   312 ||   510
Throw: Tomahawk          |       |       |     2 ||     2
Invok: Lunge             |       |       |     5 ||     5
  Use: Scroll            |     5 |     3 |     4 ||    12
 Stab: Sleeping          |     1 |       |       ||     1
  Eat: Chunk             |    20 |    11 |    26 ||    57
       Ration            |       |       |     1 ||     1
Armor: Robe              |    55 |    22 |    88 ||   165
Dodge: Dodged            |    31 |    29 |    72 ||   132
Block: Shield            |    44 |    49 |   116 ||   209
